 Dungeon Crawl Stone Soup version 0.29.0-15-g675c0067aa (webtiles) character file.

Game seed: 1250361300694491604

700 Tsarbomb the Insei (level 7, 0/45 (47) HPs)
             Began as a Gnoll Transmuter on Sept 11, 2022.
             Was a Plaything of Xom.
             Killed by nerve-wracking pain
             ... invoked by an orc priest
              (14 damage)
             ... on level 5 of the Dungeon.
             The game lasted 00:20:58 (6510 turns).

Tsarbomb the Insei (Gnoll Transmuter)               Turns: 6510, Time: 00:20:59

HP:   0/45 (47)     AC:  9    Str:  9    XL:     7   Next: 65%
MP:   12/15         EV: 11    Int: 12    God:    Xom [*.....]
Gold: 233           SH:  0    Dex: 13    Spells: 14/17 levels left

rFire   . . .      SeeInvis .     - Unarmed
rCold   + . .      Faith    .   (no shield)
rNeg    . . .      Spirit   .   d - +0 ring mail
rPois   .          Reflect  .   (helmet currently unavailable)
rElec   .          Harm     .   (no cloak)
rCorr   .          Rampage  .   j - +1 pair of gloves
Will    .....                   (boots currently unavailable)
Stlth   +.........              (no amulet)
HPRegen 0.15/turn               q - ring of protection from cold
MPRegen 0.14/turn               (no ring)

@: appendages, wereblooded, lightly drained, unable to read
A: horns 2, talons 2, fangs 1, strong nose, distributed training, iridescent
scales 1, clumsy 1, frail 1, inability to read after injury 1
a: End Transformation, Renounce Religion


You were on level 5 of the Dungeon.
You worshipped Xom.
You were a special plaything of Xom.
You had temporarily grown beastly horns and talons.
You visited 2 branches of the dungeon, and saw 6 of its levels.

You collected 233 gold pieces.

Inventory:

Hand Weapons
 r - a +0 sling
 u - a +0 arbalest
 w - a +0 shortbow
 y - the +4 rapier of Theory {drain, Stlth+}
   (You found it on level 3 of the Dungeon)

   A truly terrible weapon, it drains the life of any living foe it strikes.
   Stlth:     It makes you more stealthy.
Missiles
 o - 3 poisoned darts
 s - 21 stones
 z - a throwing net
Armour
 a - a +0 robe
 d - a +0 ring mail (worn)
 j - a +1 pair of gloves (worn)
Magical Staves
 E - a staff of conjuration
Jewellery
 q - a ring of protection from cold (left hand)
 C - a ring of ice
Scrolls
 c - a scroll of noise {unknown}
 g - 3 scrolls of teleportation {unknown}
 h - a scroll of summoning {unknown}
 m - 4 scrolls of identify {unknown}
 n - 2 scrolls of blinking {unknown}
 p - a scroll of silence {unknown}
 t - 3 scrolls of acquirement {unknown}
 x - a scroll of enchant weapon {unknown}
 A - a scroll of poison {unknown}
 B - a scroll of vulnerability {unknown}
Potions
 b - a potion of lignification
 e - 3 potions of curing
 f - 2 potions of degeneration {unknown}
 i - 2 potions of brilliance {unknown}
 k - a potion of heal wounds {unknown}
 l - 2 potions of haste {unknown}
 v - a potion of resistance {unknown}
 D - a potion of invisibility {unknown}


   Skills:
 + Level 3.8 Fighting
 + Level 2.7 Short Blades
 + Level 2.7 Long Blades
 + Level 2.7 Axes
 + Level 2.7 Maces & Flails
 + Level 2.7 Polearms
 + Level 2.7 Staves
 + Level 2.7 Ranged Weapons
 + Level 2.7 Throwing
 + Level 2.7 Armour
 + Level 5.4 Dodging
 + Level 2.7 Stealth
 + Level 2.7 Shields
 + Level 7.1 Unarmed Combat
 + Level 5.7 Spellcasting
 + Level 2.2 Conjurations
 + Level 2.2 Hexes
 + Level 2.2 Summonings
 + Level 2.2 Necromancy
 + Level 2.2 Translocations
 + Level 4.4 Transmutations
 + Level 2.2 Fire Magic
 + Level 2.2 Ice Magic
 + Level 2.2 Air Magic
 + Level 2.2 Earth Magic
 + Level 2.2 Poison Magic
 + Level 3.0 Invocations
 + Level 2.7 Evocations


You had 14 spell levels left.
You knew the following spells:

 Your Spells              Type           Power      Damage    Failure   Level
a - Beastly Appendage     Tmut           28%        N/A       9%          1
b - Wereblood             Tmut           14%        N/A       12%         2

Your spell library contained the following spells:

 Spells                   Type           Power      Damage    Failure   Level
 Freeze                   Ice            32%        1d5       21%         1
 Slow                     Hex            32%        N/A       21%         1
 Ensorcelled Hibernation  Hex/Ice        16%        N/A       30%         2
 Spider Form              Tmut/Pois      11%        N/A       36%         3
 Confusing Touch          Hex            8%         N/A       52%         3
 Frozen Ramparts          Ice            16%        1d3       52%         3
 Vampiric Draining        Necr           8%         2d6       52%         3
 Ice Form                 Ice/Tmut       11%        N/A       77%         4
 Anguish                  Hex/Necr       4%         N/A       89%         4
 Hailstorm                Conj/Ice       8%         3d4       89%         4


Dungeon Overview and Level Annotations

Branches:
Dungeon (5/15)             Temple (1/1) D:4

Altars:
Ashenzari
Cheibriados
Dithmenos
Elyvilon
Fedhas
Gozag
Hepliaklqana
Kikubaaqudgha
Makhleb
Nemelex Xobeh
Okawaru
Qazlal
Ru
Sif Muna
Trog
Uskayaw
Vehumet
Wu Jian
Xom
Yredelemnul
Zin
The Shining One

Annotations:
D:4 exclusion: downstairs


Innate Abilities, Weirdness & Mutations

You have temporarily grown beastly horns and talons.
You have very sharp teeth.
Your uncanny sense of smell can sniff out nearby items.
Your experience applies equally to all skills.
You are partially covered in iridescent scales. (AC +2)
You are clumsy. (Dex -2)
You are frail. (-10% HP)
You occasionally lose the ability to read scrolls when taking damage.


Message History

You are now a special plaything of Xom.
Your primal bloodlust has ended.
Found 8 gold pieces.
An orc priest comes into view. It is wielding a +0 hand axe.
The orc priest shouts! x2; You hear a shout!
A scorpion comes into view.
You cannot read scrolls in your current state!
You can read scrolls again.
Casting: Wereblood (safe; 12% risk of failure)
Confirm with . or Enter, or press ? or * to list all spells.
You grow a pair of large bovine horns.
Your feet morph into talons.
You hit the orc priest. Your kick misses the orc priest.
The orc priest is lightly wounded.
The orc priest hits you but does no damage.
You punch the orc priest! Your kick misses the orc priest.
The orc priest is severely wounded.
The orc priest hits you but does no damage.
You punch the orc priest!
You kill the orc priest!
The orc priest calls down the wrath of Beogh upon you.
Beogh smites you!
You feel threatened and lose the ability to read scrolls!
* * * LOW HITPOINT WARNING * * *
Unknown command.
Casting: Beastly Appendage (safe; 9% risk of failure)
Confirm with . or Enter, or press ? or * to list all spells.
Your blood is infused with primal strength.
The orc priest hits you with a +0 falchion.
* * * LOW HITPOINT WARNING * * *
The scorpion stings you.
* * * LOW HITPOINT WARNING * * *
You are lethally poisoned!
The scorpion poisons you!
You feel better.
An orc comes into view. It is wielding a +0 club.
An orc wizard comes into view. It is wielding a +0 dagger.
The orc priest mumbles some strange prayers to Beogh against you.
Pain shoots through your body!
You die...
Xom titters!

#### ..######
.......# .......#
#......# #......#
#......# #@.....#
#so....#
#######......# ∆
..so.........######.
#.
.......#............
#.
.......#....###.#...
#.
.......#...........
... ...#
....oo.#........# .
.#+#...
.......#........#


You could see a scorpion, an orc priest, an orc wizard (wandering) and an orc.

Vanquished Creatures
  A wyvern (D:4)
  3 scorpions (D:4)
  A wight (D:5)
  A hound (D:4)
  An orc priest (D:5)
  An iguana (D:2)
  5 gnolls
  10 adders
  An ufetubus (D:5)
  6 worms
  2 dart slugs (D:1)
  4 orcs (D:3)
  10 ball pythons
  12 bats
  9 endoplasms
  2 giant cockroaches (D:1)
  5 hobgoblins
  3 jackals (D:2)
  7 kobolds
  A quokka (D:2)
  5 frilled lizards
  6 rats
96 creatures vanquished.

Vanquished Creatures (others)
  3 fungi (D:4)
3 creatures vanquished.

Grand Total: 99 creatures vanquished

Notes
Turn   | Place    | Note
-------+----------+-------------------------------------------
     0 | D:1      | Tsarbomb the Gnoll Transmuter began the quest for the Orb.
     0 | D:1      | Reached XP level 1. HP: 17/17 MP: 6/6
   154 | D:1      | Reached XP level 2. HP: 21/23 MP: 7/7
   253 | D:1      | Learned a level 2 spell: Wereblood
   661 | D:1      | Reached skill level 5 in Spellcasting
   661 | D:1      | Reached XP level 3. HP: 22/28 MP: 7/9
   737 | D:1      | Reached skill level 1 in Invocations
  1177 | D:2      | Found a faded altar of an unknown god.
  1187 | D:2      | Prayed at the altar of an unknown god.
  1187 | D:2      | Became a worshipper of Xom of Unknown Intention
  1192 | D:2      | XOM: silly message
  1206 | D:2      | XOM: divination: magic mapping
  1230 | D:2      | Reached skill level 1 in Short Blades
  1230 | D:2      | Reached skill level 1 in Long Blades
  1230 | D:2      | Reached skill level 1 in Axes
  1230 | D:2      | Reached skill level 1 in Maces & Flails
  1230 | D:2      | Reached skill level 1 in Polearms
  1230 | D:2      | Reached skill level 1 in Staves
  1230 | D:2      | Reached skill level 1 in Ranged Weapons
  1230 | D:2      | Reached skill level 1 in Throwing
  1230 | D:2      | Reached skill level 1 in Armour
  1230 | D:2      | Reached skill level 1 in Stealth
  1230 | D:2      | Reached skill level 1 in Shields
  1230 | D:2      | Reached skill level 1 in Evocations
  1314 | D:2      | XOM: divination: detect items
  1316 | D:2      | XOM: divination: detect creatures
  1460 | D:2      | XOM: silly message
  1515 | D:2      | Reached XP level 4. HP: 29/34 MP: 9/11
  2009 | D:2      | XOM: divination: detect items
  2204 | D:2      | XOM: scenery: 3 doors open
  2255 | D:2      | Reached skill level 1 in Conjurations
  2255 | D:2      | Reached skill level 1 in Hexes
  2255 | D:2      | Reached skill level 1 in Summonings
  2255 | D:2      | Reached skill level 1 in Necromancy
  2255 | D:2      | Reached skill level 1 in Translocations
  2255 | D:2      | Reached skill level 1 in Fire Magic
  2255 | D:2      | Reached skill level 1 in Ice Magic
  2255 | D:2      | Reached skill level 1 in Air Magic
  2255 | D:2      | Reached skill level 1 in Earth Magic
  2255 | D:2      | Reached skill level 1 in Poison Magic
  2270 | D:2      | XOM: 1-stop teleportation journey
  2562 | D:2      | Reached XP level 5. HP: 11/40 MP: 10/12
  2815 | D:2      | XOM: scenery: 1 doors close
  3186 | D:2      | XOM: god gift: arbalest {god gift}
  3467 | D:3      | XOM is BORED!
  3467 | D:3      | XOM: 4-stop teleportation journey
  3610 | D:3      | Found a sacrificial altar of Ru.
  3725 | D:3      | XOM: scenery: 1 doors close
  3943 | D:3      | XOM: summons 2 hostile demons
  4362 | D:3      | Identified the +4 rapier of Theory {drain, Stlth+}
  4430 | D:3      | XOM: god gift: 7 gold pieces
  4556 | D:3      | XOM is BORED!
  4778 | D:4      | Found a staircase to the Ecumenical Temple.
  4812 | D:4      | Reached XP level 6. HP: 31/47 MP: 11/13
  4820 | D:4      | Reached skill level 5 in Dodging
  5057 | D:4      | XOM: give mutations
  5057 | D:4      | Gained mutation: You are frail. (-10% HP) [Xom's mischief]
  5057 | D:4      | Gained mutation: You are clumsy. (Dex -2) [Xom's mischief]
  5057 | D:4      | Gained mutation: Armour fits poorly on your strangely
                  | shaped body. [Xom's mischief]
  5063 | Temple   | Entered the Ecumenical Temple
  5294 | D:4      | XOM: give mutations
  5294 | D:4      | Lost mutation: Armour fits poorly on your strangely shaped
                  | body. [Xom's mischief]
  5294 | D:4      | Gained mutation: You occasionally lose the ability to read
                  | scrolls when taking damage. [Xom's mischief]
  5294 | D:4      | Gained mutation: You are partially covered in iridescent
                  | scales. (AC +2) [Xom's mischief]
  5345 | D:4      | XOM: 6-stop teleportation journey
  5742 | D:4      | Noticed a wyvern
  5742 | D:4      | a scorpion changed into a wyvern
  5742 | D:4      | XOM: polymorph scorpion -> wyvern
  5755 | D:4      | XOM: enchant monster (bad)
  5769 | D:4      | Reached skill level 7 in Unarmed Combat
  5769 | D:4      | Reached XP level 7. HP: 37/46 MP: 11/15
  5773 | D:4      | Killed a wyvern
  5986 | D:5      | Entered Level 5 of the Dungeon
  6150 | D:5      | XOM: noise
  6160 | D:5      | XOM: torment (25/47 hp)
  6202 | D:5      | XOM: chaos upgrade
  6477 | D:5      | XOM: silly message
  6494 | D:5      | XOM: 3-stop teleportation journey
  6510 | D:5      | Killed from afar by an orc priest

Illustrated notes

Levels and vault maps discovered:
D:1:      lightli_arrival_farm, layout_basic
D:2:      minmay_angry_zag, layout_basic, ebering_ecumenical_altar_webs,
          columned_hall_lemuel
D:3:      layout_basic, lemuel_crystal_altar
D:4:      old_forge, layout_rooms, minmay_temple_entry_ruins
D:5:      layout_basic, lemuel_flame_loot_1
Temple:   minmay_crystal_snake_temple

Skill      XL: |  1  2  3  4  5  6  7 |
---------------+----------------------+-----
Spellcasting   | 5 |  5.7
Invocations    | 1 2 3 |  3.0
Short Blades   | 1 2 |  2.7
Long Blades    | 1 2 |  2.7
Axes           | 1 2 |  2.7
Maces & Flails | 1 2 |  2.7
Polearms       | 1 2 |  2.7
Staves         | 1 2 |  2.7
Ranged Weapons | 1 2 |  2.7
Throwing       | 1 2 |  2.7
Armour         | 1 2 |  2.7
Stealth        | 1 2 |  2.7
Shields        | 1 2 |  2.7
Evocations     | 1 2 |  2.7
Conjurations   | 1 2 |  2.2
Hexes          | 1 2 |  2.2
Summonings     | 1 2 |  2.2
Necromancy     | 1 2 |  2.2
Translocations | 1 2 |  2.2
Fire Magic     | 1 2 |  2.2
Ice Magic      | 1 2 |  2.2
Air Magic      | 1 2 |  2.2
Earth Magic    | 1 2 |  2.2
Poison Magic   | 1 2 |  2.2
Fighting       | 3 |  3.8
Transmutations | 4 |  4.4
Dodging        | 5 |  5.4
Unarmed Combat | 7 |  7.1

Action                   |  1- 3 |  4- 6 |  7- 9 || total
-------------------------+-------+-------+-------++-------
Melee: Unarmed           |    93 |   215 |    42 ||   350
       Kick              |     9 |    30 |     7 ||    46
       Headbutt          |     5 |    20 |     8 ||    33
       Bite              |     7 |    29 |     3 ||    39
       Punch             |       |    11 |     3 ||    14
 Fire: Sling             |       |    28 |     5 ||    33
 Cast: Beastly Appendage |    10 |    20 |     2 ||    32
       Wereblood         |       |     3 |     2 ||     5
  Use: Potion            |       |       |     2 ||     2
 Stab: Sleeping          |       |     3 |       ||     3
Armor: Ring mail         |    36 |    89 |    12 ||   137
Dodge: Dodged            |    61 |   122 |    25 ||   208
